 Dungeon Crawl Stone Soup version 0.23.0 (webtiles) character file.

Game seed: 1702378760017096387

851 Lavandula the Spear-Bearer (level 8, 0/61 HPs)
             Began as a Merfolk Gladiator on Feb 14, 2019.
             Was a Priest of Vehumet.
             Slain by an acid dragon (6 damage)
             ... in a sewer.
             The game lasted 00:09:36 (3537 turns).

Lavandula the Spear-Bearer (Merfolk Gladiator)      Turns: 3537, Time: 00:09:37

Health: 0/61       AC:  1    Str: 15    XL:     8   Next: 1%
Magic:  10/10      EV: 17    Int:  8    God:    Vehumet [***...]
Gold:   116        SH:  0    Dex: 16    Spells: 8/10 levels left

rFire    . . .     SeeInvis .   r - +4 quarterstaff (chaos)
rCold    . . .     Gourm    .   (shield currently unavailable)
rNeg     . . .     Faith    .   b - +0 leather armour
rPois    .         Spirit   .   c - +2 helmet
rElec    .         Reflect  .   s - +2 cloak
rCorr    .         Harm     .   (no gloves)
MR       .....                  (boots currently unavailable)
Stlth    ++........             (no amulet)
HPRegen  0.20/turn              (no ring)
MPRegen  0.12/turn              (no ring)

@: corroded, very quick
A: change form in water, swift swim, stealthy swim
a: Renounce Religion


You were in a sewer.
You worshipped Vehumet.
Vehumet was most pleased with you.
You were not hungry.

You visited 1 branch of the dungeon, and saw 4 of its levels.
You also visited: Sewer.

You collected 116 gold pieces.

Inventory:

Hand Weapons
 a - a +0 trident
 r - a +4 quarterstaff of chaos (weapon)
 t - a +0 blowgun
Missiles
 d - 2 throwing nets (quivered)
 l - 111 stones
 u - 14 poisoned needles
Armour
 b - a +0 leather armour (worn)
 c - a +2 helmet (worn)
 e - the cursed +0 robe of the First Runes {rPois rC+ MP+9 Stlth-, unknown}
   (You found it on level 4 of the Dungeon)

   It protects you from cold.
   It protects you from poison.
   It affects your magic capacity (+9).
   It makes you less stealthy.
   It has a curse placed upon it.
 i - a +0 ring mail
 s - a +2 cloak (worn)
Jewellery
 m - an uncursed ring of resist corrosion {unknown}
Scrolls
 j - 2 scrolls of fear
 k - a scroll of random uselessness
 o - a scroll of teleportation
Potions
 h - 2 potions of curing {unknown}
 p - a potion of degeneration {unknown}
 q - a potion of ambrosia {unknown}
Comestibles
 f - 7 rations
 n - 2 chunks of flesh


   Skills:
 - Level 4.7 Fighting
 + Level 10.5 Polearms
 - Level 2.0 Throwing
 - Level 4.0 Dodging
 - Level 1.9 Spellcasting
 - Level 2.2 Conjurations


You had 8 spell levels left.
You knew the following spells:

 Your Spells              Type           Power        Failure   Level  Hunger
a - Sandblast             Erth           #.....       12%         1    ##.....
b - Magic Dart            Conj           #...         4%          1    ##.....
Your spell library was empty.

Dungeon Overview and Level Annotations

Branches:
Dungeon (4/15)
 Temple: D:4-7

Altars:
Ashenzari
Dithmenos
Fedhas
Nemelex Xobeh
Vehumet
The Shining One


Message History

The acid dragon misses you. The acid dragon closely misses you.
You barely miss the acid dragon.
The acid dragon is severely wounded.
The acid dragon spits acid at you. The splash of acid hits you!
The acid corrodes you!
You are splashed with acid!
You hit the acid dragon but do no damage.
The acid dragon seems to speed up.
The acid dragon is severely wounded.
The acid dragon bites you!
* * * LOW HITPOINT WARNING * * *
The acid dragon claws you.
* * * LOW HITPOINT WARNING * * *
The acid dragon misses you. x2
You aren't carrying any items that you can evoke without wielding.
Unknown command.
Okay, then.
You thump the acid dragon!
The acid dragon is almost dead.
The acid dragon closely misses you. The acid dragon claws you.
You die...

##### #.≈≈≈≈#####
.≈..##
#KD@..#######
..≈≈≈≈
#.≈≈≈≈###≈≈≈..≈.##
#.≈≈≈ #####
#≈≈≈≈≈.≈.# #≈..
#≈≈..≈≈≈.####≈.≈
≈≈≈≈####..≈.##≈...
##### ##...≈..≈..
##≈≈≈..≈.≈
#≈≈≈...≈.
#.≈≈≈.≈≈∩


You could see an acid dragon and a big kobold.

Vanquished Creatures
  A phantom (D:4)
  An ogre (D:4)
  4 big kobolds (Sewer)
  A centaur skeleton (D:4)
  An orc priest (D:4)
  Crazy Yiuf (D:3)
  An iguana (D:4)
  Terence (D:2)
  An orc wizard (D:4)
  A worker ant (D:4)
  A howler monkey skeleton (D:4)
  9 adders
  A river rat (D:4)
  3 oozes
  5 worms
  6 dart slugs
  3 orcs
  3 ball pythons (D:4)
  7 giant cockroaches
  A goblin (D:1)
  7 hobgoblins
  6 jackals
  11 kobolds
  3 quokkas
  10 bats
  5 frilled lizards
  9 rats
103 creatures vanquished.

Notes
Turn   | Place    | Note
-------+----------+-------------------------------------------
     0 | D:1      | Lavandula the Merfolk Gladiator began the quest for the
                  | Orb.
     0 | D:1      | Reached XP level 1. HP: 16/16 MP: 1/1
   165 | D:1      | Reached skill level 5 in Polearms
   186 | D:1      | Reached XP level 2. HP: 19/22 MP: 2/2
   841 | D:2      | Reached skill level 6 in Polearms
   841 | D:2      | Reached XP level 3. HP: 27/27 MP: 3/3
   892 | D:2      | Found a glowing golden altar of the Shining One.
   937 | D:2      | Noticed Terence
   965 | D:2      | Killed Terence
   977 | D:2      | Found a shattered altar of Ashenzari.
   985 | D:2      | Reached skill level 7 in Polearms
   985 | D:2      | Reached XP level 4. HP: 22/33 MP: 4/4
  1088 | D:2      | Found a faded altar of an unknown god.
  1145 | D:2      | Became a worshipper of Vehumet
  1145 | D:2      | Reached * piety under Vehumet
  1145 | D:2      | Offered knowledge of Sandblast by Vehumet.
  1148 | D:2      | Learned a level 1 spell: Sandblast
  1325 | D:2      | Found a sparkling altar of Nemelex Xobeh.
  1764 | D:3      | Found a blossoming altar of Fedhas.
  1789 | D:3      | Reached skill level 8 in Polearms
  1791 | D:3      | Reached XP level 5. HP: 38/38 MP: 2/5
  1866 | D:3      | Reached ** piety under Vehumet
  1866 | D:3      | Offered knowledge of Magic Dart by Vehumet.
  2199 | D:3      | Found a runed translucent door.
  2200 | D:3      | Noticed Crazy Yiuf
  2408 | D:3      | Killed Crazy Yiuf
  2408 | D:3      | Reached skill level 9 in Polearms
  2773 | D:4      | Got a twisted robe
  2782 | D:4      | Noticed an ogre
  2791 | D:4      | Killed an ogre
  2791 | D:4      | Reached XP level 6. HP: 18/44 MP: 3/6
  2863 | D:4      | Reached skill level 10 in Polearms
  2916 | D:4      | Noticed a phantom
  2929 | D:4      | Killed a phantom
  2929 | D:4      | Reached skill level 1 in Spellcasting
  2929 | D:4      | Reached XP level 7. HP: 29/50 MP: 3/9
  2932 | D:4      | Learned a level 1 spell: Magic Dart
  2937 | D:4      | Found a shadowy altar of Dithmenos.
  3078 | D:4      | Offered knowledge of Static Discharge by Vehumet.
  3078 | D:4      | Reached skill level 1 in Conjurations
  3085 | D:4      | Found a glowing drain.
  3127 | Sewer    | Entered a sewer
  3213 | Sewer    | Reached *** piety under Vehumet
  3389 | Sewer    | Reached XP level 8. HP: 48/61 MP: 10/10
  3537 | Sewer    | Slain by an acid dragon

Skill      XL: |  1  2  3  4  5  6  7 |
---------------+----------------------+-----
Polearms       | 5 6 7 8 9 10 | 10.5
Spellcasting   | 1 |  1.9
Conjurations   | 2 |  2.2
Fighting       | 4 |  4.7
Throwing       | |  2.0
Dodging        | |  4.0

Action                   |  1- 3 |  4- 6 |  7- 9 || total
-------------------------+-------+-------+-------++-------
Melee: Trident           |   112 |   163 |       ||   275
       Quarterstaff      |       |    40 |    92 ||   132
       Tailslap          |       |       |     3 ||     3
Throw: Throwing net      |     2 |       |       ||     2
 Cast: Sandblast         |       |     9 |       ||     9
       Magic Dart        |       |       |     1 ||     1
  Use: Scroll            |     5 |     4 |       ||     9
       Potion            |       |       |     2 ||     2
 Stab: Sleeping          |     2 |     3 |     1 ||     6
       Distracted        |       |     1 |       ||     1
       Confused          |       |     1 |       ||     1
  Eat: Chunk             |       |     7 |     2 ||     9
Armor: Leather armour    |    19 |    46 |    29 ||    94
Dodge: Dodged            |    57 |   123 |    65 ||   245
